AoeStats
← reev699169

Arena

508007679Analyzed
3v3 RM · 11d ago on Sep 20, 2026· 64m 42s· 6 players
Game mode
Random Map
Map size
Normal (6 player)
Population
200
Speed
Normal
Resources
Standard
Victory
Conquest
Starting age
Dark Age
Ending age
Imperial Age
RankedLock teamsTeams togetherTeam positionsShared explorationLock speedFull tech treeHidden civsTurbo modeCheats
Victory
Defeat
🇨🇳 Bohemians · China
973
+17
🇨🇳 Huns · China
939
+19
🇨🇳 Spanish · China
932
+19
🇺🇸 Teutons · United States
1036
-19
🇩🇪 Ethiopians · Germany
989
-18
🇺🇸 Romans · United States
981
-18
DUn!T_Lope2
5:11 Loom
10:45 Feudal Age
15:05 Castle Age
14:35 Town Watch
15:44 Double-Bit Axe
15:50 Gold Mining
17:22 Horse Collar
22:20 Crossbowman
26:16 Bow Saw
26:02 Fletching
26:13 Padded Archer Armor
28:37 Sanctity
31:11 Wheelbarrow
32:10 Bodkin Arrow
32:31 Leather Archer Armor
32:37 Ballistics
36:36 Imperial Age
34:51 Thumb Ring
36:40 Arbalester
37:23 Bracer
39:07 Ring Archer Armor
39:39 Chemistry
40:06 Two-Man Saw
39:11 Heavy Plow
40:43 Scale Mail Armor
40:53 Forging
42:39 Chain Mail Armor
53:38 Scale Barding Armor
52:57 Light Cavalry
53:37 Husbandry
miltiades0490
10:28 Feudal Age
9:42 Loom
14:52 Castle Age
13:17 Double-Bit Axe
13:14 Horse Collar
21:07 Bow Saw
23:28 Scale Mail Armor
23:41 Forging
24:12 Fletching
24:39 Masonry
24:44 Gold Mining
25:43 Heavy Plow
30:13 Imperial Age
27:30 Town Watch
28:31 Wheelbarrow
29:39 Squires
29:01 Man-at-Arms
31:05 Chain Mail Armor
31:26 Iron Casting
31:24 Conscription
31:41 Architecture
30:37 Long Swordsman
30:38 Pikeman
32:26 Halberdier
33:08 Capped Ram
34:20 Siege Ram
35:30 Legionary
36:50 Bodkin Arrow
37:56 Blast Furnace
38:50 Comitatenses
39:33 Scale Barding Armor
39:15 Onager
41:51 Chemistry
41:15 Ballistics
40:52 Murder Holes
42:46 Crop Rotation
42:38 Hand Cart
43:25 Town Patrol
47:22 Caravan
47:52 Coinage
48:20 Gold Shaft Mining
47:36 Stone Mining
48:48 Ballistas
51:32 Chain Barding Armor
50:50 Heavy Scorpion
52:40 Husbandry
52:03 Light Cavalry
52:55 Bloodlines
52:10 Cavalier
53:23 Banking
53:03 Guilds
54:58 Sappers
Vitaly
11:32 Feudal Age
11:40 Feudal Age
12:23 Double-Bit Axe
12:22 Horse Collar
17:13 Castle Age
15:49 Stone Mining
16:00 Gold Mining
16:29 Loom
17:59 Wheelbarrow
20:31 Heavy Plow
20:46 Bow Saw
23:51 Hand Cart
30:34 Imperial Age
28:39 Scale Barding Armor
29:46 Chain Barding Armor
29:47 Forging
30:07 Bloodlines
31:17 Fortified Wall
30:32 Pikeman
39:39 Squires
39:43 Scale Mail Armor
40:19 Iron Casting
39:20 Cavalier
42:21 Conscription
42:55 Chain Mail Armor
47:01 Plate Barding Armor
48:59 Crop Rotation
49:35 Two-Man Saw
49:42 Blast Furnace
49:12 Plate Mail Armor
49:17 Paladin
54:29 Elite Skirmisher
55:59 Fletching
56:12 Padded Archer Armor
57:09 Ballistics
56:51 Bodkin Arrow
58:58 Hoardings
59:38 Crenellations
60:37 Leather Archer Armor
lunb829195
11:19 Feudal Age
16:06 Castle Age
14:49 Stone Mining
14:52 Double-Bit Axe
15:17 Horse Collar
15:56 Loom
19:15 Gold Mining
20:34 Padded Archer Armor
21:23 Fletching
26:09 Wheelbarrow
31:29 Imperial Age
29:48 Leather Archer Armor
30:02 Bow Saw
30:52 Scale Barding Armor
31:21 Heavy Plow
31:50 Town Watch
32:40 Bodkin Arrow
33:57 Hand Cart
35:38 Chemistry
34:59 Ballistics
35:40 Conscription
35:54 Bloodlines
36:57 Elite Conquistador
40:51 Two-Man Saw
40:10 Masonry
42:23 Bracer
42:53 Ring Archer Armor
43:42 Husbandry
45:04 Thumb Ring
45:26 Chain Barding Armor
46:01 Town Patrol
46:17 Forging
46:46 Plate Barding Armor
46:22 Forging
47:46 Scale Mail Armor
47:41 Elite Skirmisher
61:59 Chain Mail Armor
62:19 Iron Casting
61:49 Cavalier
63:09 Squires
62:29 Pikeman
62:55 Gambesons
62:55 Arson
64:18 Plate Mail Armor
63:38 Paladin
reev699169
4:56 Loom
11:08 Feudal Age
16:42 Castle Age
15:17 Double-Bit Axe
15:18 Horse Collar
19:31 Wheelbarrow
18:44 Loom
20:17 Loom
30:07 Imperial Age
28:57 Padded Archer Armor
28:48 Fletching
29:14 Bow Saw
29:41 Heavy Plow
32:12 Chemistry
32:16 Wagenburg Tactics
34:20 Leather Archer Armor
34:01 Bodkin Arrow
35:09 Hand Cart
35:38 Elite Hussite Wagon
38:10 Houfnice
41:23 Ring Archer Armor
40:54 Bracer
41:11 Husbandry
40:32 Cavalier
41:55 Scale Barding Armor
42:00 Forging
44:47 Ballistics
44:11 Treadmill Crane
53:14 Squires
54:21 Pikeman
56:53 Scale Mail Armor
56:49 Halberdier
60:54 Chain Mail Armor
61:15 Iron Casting
opwo175712
12:05 Feudal Age
16:32 Castle Age
14:32 Double-Bit Axe
15:52 Horse Collar
17:15 Wheelbarrow
18:08 Scale Barding Armor
23:40 Loom
25:01 Marauders
26:00 Bloodlines
26:21 Husbandry
27:43 Gold Mining
29:19 Forging
30:38 Bow Saw
30:31 Heavy Plow
31:45 Iron Casting
33:45 Chain Barding Armor
34:55 Hand Cart
38:31 Imperial Age
36:33 Caravan
36:58 Padded Archer Armor
36:48 Fletching
36:25 Elite Skirmisher
38:08 Ballistics
39:26 Thumb Ring
40:37 Chemistry
40:16 Plate Barding Armor
40:42 Blast Furnace
39:58 Leather Archer Armor
39:38 Bodkin Arrow
41:26 Two-Man Saw
43:36 Light Cavalry
44:50 Bracer
44:50 Scale Mail Armor
44:50 Murder Holes
45:05 Masonry
45:24 Hussar
51:17 Gold Shaft Mining
50:34 Stone Mining
56:53 Chain Mail Armor
56:43 Squires
56:03 Pikeman
56:29 Arson
58:06 Halberdier
Connection lost

Rejoining the realm…

Still unreachable

The connection could not be restored.

Session expired

The server has moved on; the page needs a fresh start.